 Dungeon Crawl Stone Soup version 0.26-a0-660-gc07710193c (webtiles) character file.

Game seed: 14009259326300148263

688 robertstho the Magician (level 7, -7/36 HPs)
             Began as a Deep Elf Air Elementalist on Oct 6, 2020.
             Mangled by a troll (9 damage)
             ... on level 5 of the Dungeon.
             The game lasted 00:10:29 (5262 turns).

robertstho the Magician (Deep Elf Air Elementalist) Turns: 5262, Time: 00:10:30

Health: -7/36      AC:  6    Str:  5    XL:     7   Next: 36%
Magic:  4/19       EV: 13    Int: 28    God:
Gold:   330        SH:  0    Dex: 15    Spells: 9/19 levels left

rFire    . . .     SeeInvis .   p - +1 short sword (freeze)
rCold    . . .     Faith    .   (no shield)
rNeg     . . .     Spirit   .   a - +0 robe
rPois    .         Reflect  .   x - +0 helmet
rElec    .         Harm     .   v - +0 cloak
rCorr    .         Rampage  .   y - +1 pair of gloves
MR       .....                  (no boots)
Stlth    ++........             q - amulet of inaccuracy (curse)
HPRegen  0.12/turn              b - +4 ring of slaying
MPRegen  0.16/turn              l - +6 ring of intelligence

@: no status effects
A: no striking features
a: no special abilities


You were on level 5 of the Dungeon.
You visited 1 branch of the dungeon, and saw 5 of its levels.

You collected 330 gold pieces.

Inventory:

Hand Weapons
 c - a +0 short sword
 k - a +2 whip of electrocution
 p - a +1 short sword of freezing (weapon)
 t - a +0 falchion of holy wrath
Armour
 a - a +0 robe (worn)
 v - a +0 cloak (worn)
 x - a +0 helmet (worn)
 y - a +1 pair of gloves (worn)
Jewellery
 b - a +4 ring of slaying (left hand)
 l - a +6 ring of intelligence (right hand)
 q - a cursed amulet of inaccuracy (around neck)
 C - an uncursed amulet of reflection
Scrolls
 d - 3 scrolls of teleportation
 e - a scroll of remove curse
 h - a scroll of enchant armour
 i - a scroll of fog
 n - a scroll of enchant weapon {unknown}
 u - a scroll of noise {unknown}
 A - a scroll of brand weapon {unknown}
 B - a scroll of blinking {unknown}
Potions
 f - 2 potions of invisibility {unknown}
 g - 2 potions of resistance {unknown}
 m - 2 potions of heal wounds {unknown}
 o - 3 potions of flight {unknown}
 s - a potion of brilliance {unknown}
 w - 2 potions of curing {unknown}
 z - a potion of experience {unknown}


   Skills:
 + Level 0.2 Short Blades
 + Level 2.6 Dodging
 + Level 3.3 Stealth
 * Level 6.7 Spellcasting
 * Level 4.4 Conjurations
 * Level 5.6 Air Magic


You had 9 spell levels left.
You knew the following spells:

 Your Spells              Type           Power        Failure   Level
a - Shock                 Conj/Air       ####         1%          1
b - Swiftness             Air            #####...     1%          2
c - Static Discharge      Conj/Air       #####...     2%          3
d - Airstrike             Air            #####.....   5%          4

Your spell library contained the following spells:

 Spells                   Type           Power        Failure   Level
 Lightning Bolt           Conj/Air       #####.....   21%         5


Dungeon Overview and Level Annotations

Branches:
Dungeon (5/15)             Temple (0/1) D:4

Altars:
Fedhas
Okawaru

Annotations:
D:4 2 transporters


Message History

The troll is struck by an arc of lightning.
The troll is severely wounded.
The lightning grounds out.
The troll barely misses you. The troll closely misses you. The troll claws you.
Casting: Static Discharge (dangerous; 2% risk of failure)
Confirm with . or Enter, or press ? or * to list all spells.
The spell is quite dangerous to cast (5% risk of failure)!
Continue anyway? [Y]es or [N]o only, please.
The spell is quite dangerous to cast (5% risk of failure)!
Continue anyway?
Aiming: Airstrike (quite dangerous; 5% risk of failure)
Press: ? - help, Dir - move target cursor, f - troll
Aim: a troll (severely wounded)
The air twists around and strikes the troll.
The troll is almost dead.
The troll bites you!!
Ouch! That really hurt!
The troll claws you!
* * * LOW HITPOINT WARNING * * *
The troll claws you!
You die...

.##.........#......).......##...#
.#.........................##...#
..........................#....##
...........####.....####..#.....#
#..........#$.##...## #........#
##......^..#...##.## #.......##
##..##.....##...#.# ##.........
...###......##.T#.#+ ##..........
##.##........###@..###.........#.
.#...............8........<...###
.............###...###...###..##.
.##...##....## +#.#'.##..#.##....
......##...## #.#...##.........
.?..<..##..# ##.##...#.........
....)......# ##...##..#.....#...
....)......####.....####.....#...
.#......#........................


You could see a troll.

Vanquished Creatures
  2 centaurs (D:5)
  A phantom (D:4)
  A scorpion (D:5)
  A jelly (D:5)
  An orc wizard (D:4)
  A bullfrog skeleton (D:5)
  An iguana (D:5)
  5 worker ants
  A hound zombie (D:5)
  A howler monkey zombie (D:5)
  A worker ant zombie (D:5)
  3 adders
  An ufetubus (D:5)
  An ooze (D:2)
  4 worms
  A dart slug (D:3)
  5 leopard geckos
  9 orcs
  A ball python (D:3)
  2 giant cockroaches
  9 goblins
  7 hobgoblins
  4 jackals (D:4)
  7 kobolds
  5 bats
  4 frilled lizards
  A quokka skeleton (D:5)
  6 rats
86 creatures vanquished.

Vanquished Creatures (others)
  3 fungi (D:3)
  5 plants (D:3)
8 creatures vanquished.

Grand Total: 94 creatures vanquished

Notes
Turn   | Place    | Note
-------+----------+-------------------------------------------
     0 | D:1      | robertstho the Deep Elf Air Elementalist began the quest
                  | for the Orb.
     0 | D:1      | Reached XP level 1. HP: 10/10 MP: 6/6
   303 | D:1      | Reached XP level 2. HP: 15/15 MP: 6/8
  1084 | D:2      | Reached XP level 3. HP: 19/19 MP: 7/9
  1956 | D:3      | Found a blossoming altar of Fedhas.
  1985 | D:3      | Reached XP level 4. HP: 24/24 MP: 0/11
  2123 | D:3      | Reached skill level 4 in Spellcasting
  2410 | D:4      | Found a transporter.
  2485 | D:4      | Learned a level 2 spell: Swiftness
  2489 | D:4      | Learned a level 3 spell: Static Discharge
  2494 | D:4      | Learned a level 4 spell: Airstrike
  2950 | D:4      | Reached XP level 5. HP: 15/28 MP: 4/14
  3124 | D:4      | Found a staircase to the Ecumenical Temple.
  3307 | D:4      | Found a transporter.
  3509 | D:4      | Found an iron altar of Okawaru.
  3723 | D:4      | Noticed a phantom
  3726 | D:4      | Killed a phantom
  3726 | D:4      | Reached skill level 5 in Spellcasting
  3726 | D:4      | Reached XP level 6. HP: 32/32 MP: 5/16
  3882 | D:5      | Entered Level 5 of the Dungeon
  4169 | D:5      | Reached skill level 6 in Spellcasting
  4182 | D:5      | Found an iron altar of Okawaru.
  4411 | D:5      | Reached skill level 5 in Air Magic
  4608 | D:5      | Reached XP level 7. HP: 36/36 MP: 9/18
  5257 | D:5      | Noticed a troll
  5262 | D:5      | Mangled by a troll

Illustrated notes

Levels and vault maps discovered:
D:1:      dpeg_arrival_leaves_temple_mockup, layout_loops_ring
D:2:      layout_basic
D:3:      minmay_bubble_buster, layout_basic, fedhas_altar_3
D:4:      gammafunk_wand_slinger, layout_basic, okawaru_gym_becter,
          minmay_temple_entry_statues_fountains, grunt_tough_drop
D:5:      cheibrodos_barr_body, layout_cave_pools, basic_altar

Skill      XL: |  1  2  3  4  5  6 |
---------------+-------------------+-----
Air Magic      | 4 5 |  5.6
Conjurations   | 2 3 4 |  4.4
Spellcasting   | 4 5 6 |  6.7
Stealth        | 3 |  3.3
Short Blades   | |  0.2
Dodging        | |  2.6

Action                   |  1- 3 |  4- 6 |  7- 9 || total
-------------------------+-------+-------+-------++-------
Melee: Short sword       |     9 |    11 |     1 ||    21
       Whip              |     2 |     1 |       ||     3
 Cast: Shock             |    99 |    61 |     3 ||   163
       Static Discharge  |       |    10 |     4 ||    14
       Airstrike         |       |    14 |     9 ||    23
  Use: Scroll            |       |       |     6 ||     6
Armor: Robe              |     5 |     8 |     1 ||    14
Dodge: Dodged            |    19 |    18 |     6 ||    43

Table legend: (Time is in decaauts)
 A = Elapsed time spent in this place.
 B = Non-inter-level travel time spent in this place.
 C = Inter-level travel time spent in this place.
 D = Time resting spent in this place.
 E = Time spent auto-exploring this place.
 F = Levels seen in this place.
 G = Mean time per level.
                   A        B        C        D        E       F      G
               +--------+--------+--------+--------+--------+-----+--------+
         Total |   5274 |   5132 |    142 |   1329 |   3305 |   5 | 1054.8 |
       Dungeon |   5274 |   5132 |    142 |   1329 |   3305 |   5 | 1054.8 |
               +--------+--------+--------+--------+--------+-----+--------+

Top non-repeatable levels by time:
     D:4: 2036 daAuts
     D:1: 927 daAuts
     D:2: 842 daAuts
     D:5: 828 daAuts
     D:3: 639 daAuts
